 Dungeon Crawl Stone Soup version 0.31-a0-1529-g7bd419a0e5 (webtiles) character file.

Game seed: 1372740875326153223

1 wildpjah the Sneak (level 1, 0/9 HPs)
             Began as a Vine Stalker Enchanter on Dec 31, 2023.
             Slain by a quokka (4 damage)
             ... on level 1 of the Dungeon.
             The game lasted 00:00:12 (93 turns).

wildpjah the Sneak (Vine Stalker Enchanter)           Turns: 93, Time: 00:00:12

Health: 0/9        AC:  2    Str: 10    XL:     1   Next: 20%
Magic:  0/4        EV:  9    Int: 15    God:
Gold:   29         SH:  0    Dex: 14    Spells: 4/4 levels left

rFire   . . .        e - +0 rapier
rCold   . . .        (no shield)
rNeg    . . .        b - +0 robe
rPois   .            (no helmet)
rElec   .            (no cloak)
rCorr   .            (no gloves)
SInv    .            (no boots)
Will    .....        (no amulet)
Stlth   ++           (no ring)
HPRegen 1.01/turn    (no ring)
MPRegen 0.09/turn

%: guardian spirit
@: constricted
A: fangs 2, regeneration 1, magic shield, antimagic bite, no potion heal 2
a: no special abilities


You were on level 1 of the Dungeon.
You visited 1 branch of the dungeon, and saw 1 of its levels.

You collected 29 gold pieces.

Inventory:

Hand Weapons
 a - a +1 dagger
 e - a +0 rapier (weapon)
Armour
 b - a +0 robe (worn)
Potions
 c - 2 potions of invisibility
 d - a potion of curing {unknown}


   Skills:
 + Level 0.8 Short Blades
 + Level 1.5 Dodging
 * Level 3.7 Stealth
 + Level 2.2 Spellcasting
 + Level 3.0 Hexes


You had 4 spell levels left.
You didn't know any spells.
Your spell library contained the following spells:

 Spells                   Type           Power      Damage    Failure   Level
 Ensorcelled Hibernation  Hex/Ice        12%        N/A       19%         2
 Confusing Touch          Hex            10%        N/A       19%         3
 Tukima's Dance           Hex            10%        N/A       19%         3
 Dazzling Flash           Conj/Hex       12%        N/A       34%         3


Dungeon Overview and Level Annotations

Branches:
Dungeon (1/15)

Altars:


Innate Abilities, Weirdness & Mutations

You have extremely sharp teeth.
Your natural rate of healing is unusually fast.
When hurt, damage is shared between your health and your magic reserves.
Your bite disrupts and absorbs the magic of your enemies.
Potions cannot restore your health.


Message History

You hear a shout!
The quokka barely misses you.
You barely miss the quokka. Your punch misses the quokka.
The quokka barely misses you.
You miss the quokka. You bite the quokka, but do no damage.
A hobgoblin comes into view.
The quokka misses you.
You hit the quokka.
The quokka is heavily wounded.
The quokka barely misses you.
You closely miss the quokka. You bite the quokka.
You kill the quokka!
A dart slug comes into view.
The quokka barely misses you.
You closely miss the quokka. You bite the quokka. You drain its power.
You feel invigorated.
The quokka is moderately wounded.
The ball python barely misses you. The ball python closely misses you.
The quokka closely misses you. The ball python bites you.
The ball python closely misses you.
You completely miss the quokka.
The quokka is moderately wounded.
The ball python closely misses you. x2; The quokka bites you.
You barely miss the quokka. Your bite misses the quokka.
The quokka is moderately wounded.
The quokka misses you. The ball python closely misses you.
The ball python grabs you. The ball python constricts you.
e - a +0 rapier (weapon)
You barely miss the ball python. Your bite misses the ball python.
The quokka bites you. The ball python barely misses you.
The ball python constricts you. The quokka closely misses you.
The ball python barely misses you. The ball python constricts you.
You hit the quokka but do no damage. Your bite misses the quokka.
The quokka is moderately wounded.
The quokka bites you. The ball python completely misses you.
The ball python constricts you.
You hit the quokka.
The quokka is heavily wounded.
The quokka bites you.
You die...

. #####. ### .. >......
..### ... #..... ...###
.... ...########.g..
.....
####...##.....r##......
#..............@Srw....
#..............##.##...
#..............# ..
+..............# ..#
#......##....).# .#
#......######### #
##......# ........#
........#


You could see a dart slug, a quokka, a hobgoblin, a ball python and a rat.

Vanquished Creatures
  A quokka (D:1)
1 creature vanquished.

Notes
Turn   | Place    | Note
-------+----------+-------------------------------------------
     0 | D:1      | wildpjah the Vine Stalker Enchanter began the quest for the
                  | Orb.
     0 | D:1      | Reached XP level 1. HP: 9/9 MP: 4/4
    93 | D:1      | Slain by a quokka

Illustrated notes

Levels and vault maps discovered:
D:1:      elethiomel_arrival_maze, layout_basic

Action                     || total
---------------------------++-------
  Melee: Dagger            ||     9
         Rapier            ||     3
         Bite              ||     3
 Armour: Robe              ||     7
  Dodge: Dodged            ||    18

Table legend: (Time is in decaauts)
 A = Elapsed time spent in this place.
 B = Non-inter-level travel time spent in this place.
 C = Inter-level travel time spent in this place.
 D = Time resting spent in this place.
 E = Time spent auto-exploring this place.
 F = Levels seen in this place.
 G = Mean time per level.
                   A        B        C        D        E       F      G
               +--------+--------+--------+--------+--------+-----+--------+
         Total |     92 |     92 |      0 |      0 |     69 |   1 |   92.0 |
       Dungeon |     92 |     92 |      0 |      0 |     69 |   1 |   92.0 |
               +--------+--------+--------+--------+--------+-----+--------+

Top non-repeatable levels by time:
     D:1: 92 daAuts
